 Dungeon Crawl Stone Soup version 0.23-a0-741-g38971ea054 (webtiles) character file.

3378 Infinimo the Carver (level 9, -9/112 HPs)
             Began as a Demonspawn Berserker on Jan 18, 2019.
             Was a High Priest of Trog.
             Mangled by a wyvern skeleton (13 damage)
             ... on level 9 of the Dungeon.
             The game lasted 00:13:07 (9504 turns).

Infinimo the Carver (Demonspawn Berserker)          Turns: 9504, Time: 00:13:08

Health: -9/112     AC:  4    Str: 27    XL:     9   Next: 74%
Magic:  9/9        EV: 12    Int:  8    God:    Trog [*****.]
Gold:   511        SH:  0    Dex: 12    Spells: 8/8 levels left

rFire    + + .     SeeInvis .   x - +0 great sword
rCold    + . .     Gourm    .   (shield currently unavailable)
rNeg     . . .     Faith    +   b - +1 animal skin
rPois    .         Spirit   .   (no helmet)
rElec    .         Reflect  .   i - scarf {rC+ rF+}
rCorr    .         Harm     .   (no gloves)
MR       .....                  k - +0 pair of boots
Stlth    ..........             m - amulet of faith
HPRegen  0.28/turn              d - ring of protection from cold
MPRegen  0.11/turn              a - ring of fire

@: berserking, very quick
A: claws 2, talons 1, demonic guardian 1, nightstalker 1
a: Berserk, Trog's Hand, Brothers in Arms, Renounce Religion


You were on level 9 of the Dungeon.
You worshipped Trog.
Trog was extremely pleased with you.
You were hungry.

You visited 1 branch of the dungeon, and saw 9 of its levels.

You collected 511 gold pieces.

Inventory:

Hand Weapons
 v - a +0 long sword of protection
 x - a +0 great sword (weapon)
Armour
 b - a +1 animal skin (worn)
 i - a scarf of resistance (worn)
 k - a +0 pair of boots (worn)
 r - a +2 shield
Jewellery
 a - a ring of fire (right claw)
 d - a ring of protection from cold (left claw)
 m - an amulet of faith (around neck)
 p - a cursed -2 ring of evasion {unknown}
 u - a +2 ring of intelligence {unknown}
 z - an uncursed ring of resist corrosion
Wands
 w - a wand of iceblast (10)
Scrolls
 e - a scroll of fear
 h - 5 scrolls of remove curse
 l - 3 scrolls of enchant armour
 n - 5 scrolls of teleportation
 y - a scroll of blinking
Potions
 f - 2 potions of brilliance
 g - a potion of flight {unknown}
 j - 4 potions of curing
 o - 2 potions of agility {unknown}
 q - 2 potions of might
 s - a potion of mutation {unknown}
 t - 2 potions of heal wounds {unknown}
Comestibles
 c - 14 rations


   Skills:
 + Level 8.6 Fighting
 * Level 10.7 Long Blades
 - Level 1.7 Armour
 - Level 1.7 Dodging


You had 8 spell levels left.
You didn't know any spells.
Your spell library was empty.

Dungeon Overview and Level Annotations

Branches:
Dungeon (9/15)             Temple (0/1) D:7            Lair (0/6) D:9
    Orc: D:9-12

Altars:
Cheibriados
Dithmenos
Hepliaklqana
Nemelex Xobeh
Sif Muna
Trog
Uskayaw
Vehumet
The Shining One

Annotations:
D:3 2 runed doors, KARABOGA's ghost, amateur OpMo
D:4 2 transporters, Morbidden's ghost, amateur DrFi


Innate Abilities, Weirdness & Mutations

You have very sharp fingernails.
You have sharp toenails.
A weak demonic guardian rushes to your aid.
You are slightly more attuned to the shadows.


Message History

A rat comes into view.
Found a staircase to the Lair.
You kill the rat!
Trog accepts your kill.
A wyvern skeleton comes into view.
You see here a rat corpse.
The wyvern skeleton bites you!
You see here 28 sling bullets.
The wyvern skeleton bites you!
* * * LOW HITPOINT WARNING * * *
The wyvern skeleton bites you!
* * * LOW HITPOINT WARNING * * *
The wyvern skeleton bites you!
* * * LOW HITPOINT WARNING * * *
You are too injured to fight recklessly!
A red film seems to cover your vision as you go berserk!
You feel yourself moving faster!
You feel mighty!
You are feeling hungry.
The wyvern skeleton bites you!
You die...

.##... ## #..#....
#. ##......#
###.##.......## #.#
#....##..)....##...
#...........?.....
##........Z........
#.........@........
#..................
#....÷<÷....†...##
#..<...†......$....
#...................
#......#####.....#..
#..###.. #........
##. #.. ........# .
#.. ......>..


You could see a wyvern skeleton.

Vanquished Creatures
  Maurice (D:8)
  A hornet (D:7)
  A wyvern (D:8)
  Grum (D:8)
  3 porcupines
  An ice beast (D:8)
  2 phantoms
  An ogre (D:7)
  2 wolves (D:8)
  2 centaurs
  4 bullfrogs
  A water moccasin zombie (D:7)
  2 scorpions
  4 wights (D:8)
  A centaur zombie (D:5)
  2 hounds
  3 centaur skeletons
  4 orc priests
  6 orc wizards
  An iguana (D:7)
  4 worker ants
  A hell rat (D:8)
  A hound skeleton (D:8)
  3 gnolls (D:7)
  A river rat (D:9)
  8 adders
  A shadow imp (D:9)
  An ooze (D:1)
  An adder skeleton (D:5)
  6 worms
  4 dart slugs
  4 leopard geckos
  21 orcs
  3 giant cockroaches
  8 goblins
  5 hobgoblins
  5 jackals
  3 quokkas
  5 ball pythons
  6 bats
  6 frilled lizards
  A jackal zombie (D:5)
  13 kobolds
  A leopard gecko skeleton (D:5)
  A leopard gecko zombie (D:7)
  2 quokka skeletons
  11 rats
169 creatures vanquished.

Vanquished Creatures (collateral kills)
  A hippogriff (D:8)
  A scorpion (D:7)
  2 bullfrog skeletons
  An orc wizard (D:6)
  A gnoll (D:7)
  An orc (D:7)
7 creatures vanquished.

Grand Total: 176 creatures vanquished

Notes
Turn   | Place    | Note
-------+----------+-------------------------------------------
     0 | D:1      | Infinimo the Demonspawn Berserker began the quest for the
                  | Orb.
     0 | D:1      | Reached XP level 1. HP: 18/18 MP: 1/1
   138 | D:1      | Reached skill level 3 in Long Blades
   164 | D:1      | Gained mutation: You are slightly more attuned to the
                  | shadows. [demonic ancestry]
   164 | D:1      | Reached XP level 2. HP: 23/24 MP: 2/2
   578 | D:1      | Gained mutation: You have sharp fingernails. [demonic
                  | ancestry]
   578 | D:1      | Reached XP level 3. HP: 29/29 MP: 3/3
   703 | D:1      | Reached ** piety under Trog
  1394 | D:2      | Found a deep blue altar of Sif Muna.
  1447 | D:2      | Reached skill level 4 in Long Blades
  1452 | D:2      | Gained mutation: You have sharp toenails. [demonic
                  | ancestry]
  1452 | D:2      | Reached XP level 4. HP: 35/37 MP: 4/4
  2053 | D:3      | Reached XP level 5. HP: 42/42 MP: 5/5
  2061 | D:3      | Found a snail-covered altar of Cheibriados.
  2429 | D:3      | Reached *** piety under Trog
  2617 | D:3      | Reached skill level 5 in Long Blades
  2852 | D:3      | Found a large runed door.
  2852 | D:3      | Found a large runed door.
  3087 | D:3      | Noticed KARABOGA's ghost (amateur OpMo)
  3159 | D:4      | Noticed a phantom
  3174 | D:4      | Found a transporter.
  3211 | D:4      | Killed a phantom
  3211 | D:4      | Reached XP level 6. HP: 39/49 MP: 6/6
  3885 | D:4      | Found a transporter.
  3915 | D:4      | Noticed Morbidden's ghost (amateur DrFi)
  4063 | D:5      | Entered Level 5 of the Dungeon
  4169 | D:5      | Reached skill level 5 in Fighting
  4306 | D:5      | Reached skill level 6 in Long Blades
  4315 | D:5      | Gained mutation: A weak demonic guardian rushes to your
                  | aid. [demonic ancestry]
  4315 | D:5      | Reached XP level 7. HP: 31/56 MP: 7/7
  5418 | D:6      | Reached **** piety under Trog
  5423 | D:6      | Reached skill level 7 in Long Blades
  5751 | D:6      | Found a glowing golden altar of the Shining One.
  6115 | D:7      | Found a staircase to the Ecumenical Temple.
  6450 | D:7      | Gained mutation: You have very sharp fingernails. [demonic
                  | ancestry]
  6450 | D:7      | Reached XP level 8. HP: 50/64 MP: 8/8
  6916 | D:7      | Noticed a hornet
  6925 | D:7      | Killed a hornet
  6925 | D:7      | Reached skill level 8 in Long Blades
  7193 | D:7      | Found a radiant altar of Vehumet.
  7560 | D:8      | Found a bloodstained altar of Trog.
  7560 | D:8      | Found a deep blue altar of Sif Muna.
  7560 | D:8      | Found a sparkling altar of Nemelex Xobeh.
  7560 | D:8      | Found a hide-covered altar of Uskayaw.
  7564 | D:8      | Found a shadowy altar of Dithmenos.
  7731 | D:8      | Reached skill level 9 in Long Blades
  7875 | D:8      | Noticed Grum
  7885 | D:8      | Reached XP level 9. HP: 37/72 MP: 9/9
  7890 | D:8      | Killed Grum
  8112 | D:8      | Found a hazy altar of Hepliaklqana.
  8120 | D:8      | Reached ***** piety under Trog
  8297 | D:8      | Noticed Maurice
  9070 | D:8      | Killed Maurice
  9070 | D:8      | Reached skill level 10 in Long Blades
  9496 | D:9      | Found a staircase to the Lair.
  9503 | D:9      | HP: 2/75 [wyvern skeleton (8)]
  9504 | D:9      | Mangled by a wyvern skeleton

Vault maps used:
D:1:      wander_arrival_desolate
D:2:      led_sif_pool
D:3:      lemuel_crystal_altar, ebering_ghost_disaster_area
D:4:      gammafunk_ghost_stat_death
D:5:      first_ration, dk_noncrumbling_4
D:6:      old_standard_altar
D:7:      fiery_altar_vehumet, minmay_temple_entry_junction
D:8:      chequers_temple_overflow_statue_of_worship, kennysheep_little_box,
          basic_altar, serial_bayou_pond_c, uniq_grum, uniq_maurice
D:9:      dpeg_lair_monsters

Skill      XL: |  1  2  3  4  5  6  7  8  9 |
---------------+----------------------------+-----
Long Blades    | 3 4 5 6 7 9 10 | 10.7
Fighting       | 4 5 6 7 8 |  8.6
Armour         | |  1.7
Dodging        | |  1.7

Action                   |  1- 3 |  4- 6 |  7- 9 || total
-------------------------+-------+-------+-------++-------
Melee: Falchion          |   118 |    79 |       ||   197
       Kick              |       |    23 |       ||    23
       Long sword        |       |    51 |   255 ||   306
       Great sword       |       |       |    31 ||    31
Invok: Berserk           |     2 |     5 |    14 ||    21
  Use: Scroll            |       |     8 |     6 ||    14
 Stab: Sleeping          |     9 |     6 |     6 ||    21
       Distracted        |     1 |     1 |     3 ||     5
  Eat: Chunk             |     4 |    13 |    12 ||    29
       Ration            |       |       |     5 ||     5
Armor: Animal skin       |    25 |    23 |    51 ||    99
Dodge: Dodged            |    68 |    64 |   158 ||   290
       Rpst.: Falchion   |    26 |    12 |       ||    38
       Long sword        |       |    10 |    43 ||    53
       Great sword       |       |       |    12 ||    12

Table legend:
 A = Non-vault XP
 B = Vault XP
 C = Vault XP percentage of total XP
 D = Non-vault monster count
 E = Vault monster count
 F = Vault count percentage of total count
                 A         B        C        D         E       F
            +---------+---------+-------+---------+---------+-------
      Total |    3622 |    1204 |  24.9 |     165 |      11 |   6.2
            +---------+---------+-------+---------+---------+-------
        D:1 |      49 |       0 |   0.0 |      25 |       0 |   0.0
        D:2 |     100 |       0 |   0.0 |      35 |       0 |   0.0
        D:3 |     163 |       0 |   0.0 |      22 |       0 |   0.0
        D:4 |     170 |       0 |   0.0 |       5 |       0 |   0.0
        D:5 |     573 |       0 |   0.0 |      20 |       0 |   0.0
        D:6 |     118 |       0 |   0.0 |       8 |       0 |   0.0
        D:7 |     840 |       0 |   0.0 |      20 |       0 |   0.0
        D:8 |    1426 |     907 |  38.9 |      25 |       6 |  19.4
        D:9 |     183 |     297 |  61.9 |       5 |       5 |  50.0
            +---------+---------+-------+---------+---------+-------
